cohdb
Replays
Latest Replays
All Replays
Popular Replays
Top Player Replays
Match Explorer
How It Works
Community
CoH3 Stats
Reddit
Sign in to upload your games and track your stats! →
Sign in with Steam
Match 42614755
Unlisted
Match 42614755
Overview
Messages
Build Orders
End
Kradschützen Motorcycle Team
Panzergrenadier Squad
250 Light Carrier
Construct Light Support Kompanie
MG34 Team
Assault Grenadier Squad
Selects Panzerjäger Kommand Battlegroup
Selects GrB 39 Grenade Launcher Requisition
Assault Grenadier Squad
Fire Support Elements
Pak 38 Anti-tank Gun Team
le.IG 18 Support Gun Team
2.5-tonne Medical Truck
Selects Crew Shock Tactics
Construct Panzerarmee Kommand
Panzer III L Medium Tank
Armored Reserves
Panzergrenadier Squad
Panzergrenadier Squad
Selects Elefant Tank Destroyer
Elefant Tank Destroyer
Panzerpioneer Squad
Schmundel
lordmar
Sarmynation
The Captain
0
0
Comments
sign in to comment!
No comments posted yet!